 Dungeon Crawl Stone Soup version 0.23-a0-558-g30802b1d75 (webtiles) character file.

25 D1HalberdGnoll the Caller (level 3, -6/20 HPs)
             Began as a Kobold Summoner on Dec 12, 2018.
             Killed from afar by Sigmund (14 damage)
             ... with a puff of flame
             ... on level 2 of the Dungeon.
             The game lasted 00:02:31 (830 turns).

D1HalberdGnoll the Caller (Kobold Summoner)          Turns: 830, Time: 00:02:32

Health: -6/20      AC:  6    Str:  6    XL:     3   Next: 20%
Magic:  0/6        EV: 14    Int: 22    God:
Gold:   82         SH:  0    Dex: 15    Spells: 4/7 levels left

rFire    . . .     SeeInvis .   g - -1 dagger (curse)
rCold    + . .     Gourm    .   (shield restricted)
rNeg     . . .     Faith    .   h - +3 leather armour
rPois    .         Spirit   .   (no helmet)
rElec    .         Reflect  .   (no cloak)
rCorr    .         Harm     .   (no gloves)
MR       .....                  (no boots)
Stlth    ++........             (no amulet)
HPRegen  0.06/turn              f - ring of protection from cold
MPRegen  0.10/turn              d - +6 ring of intelligence

@: no status effects
A: small, carnivore
a: no special abilities


You were on level 2 of the Dungeon.
You were completely stuffed.

You visited 1 branch of the dungeon, and saw 2 of its levels.

You collected 82 gold pieces.

Inventory:

Hand Weapons
 g - a cursed -1 dagger (weapon)
Armour
 h - a +3 leather armour (worn)
Jewellery
 d - a +6 ring of intelligence (right hand)
 f - a ring of protection from cold (left hand)
Scrolls
 a - a scroll of fear {unknown}
 b - 2 scrolls of identify {unknown}
 e - 2 scrolls of remove curse {unknown}
Potions
 i - a potion of flight {unknown}
 j - a potion of heal wounds {unknown}
 k - a potion of curing {unknown}
 l - a potion of might {unknown}
Comestibles
 c - 3 rations
 m - 4 chunks of flesh


   Skills:
 + Level 1.0 Fighting
 + Level 2.8 Dodging
 - Level 2.6 Stealth
 + Level 2.5 Spellcasting
 * Level 4.3 Summonings


You had 4 spell levels left.
You knew the following spells:

 Your Spells              Type           Power        Failure   Level  Hunger
a - Summon Small Mammal   Summ           ###.         3%          1    None
b - Call Imp              Summ           ###.....     4%          2    ##.....

Your spell library contained the following spells:

 Spells                   Type           Power        Failure   Level  Hunger
 Call Canine Familiar     Summ           ###.....     10%         3    ###....
 Summon Guardian Golem    Hex/Summ       ##......     26%         3    ###....
 Summon Ice Beast         Ice/Summ       ##......     63%         4    ####...
 Summon Lightning Spire   Summ/Air       ##......     63%         4    ####...


Dungeon Overview and Level Annotations

Branches:
Dungeon (2/15)

Altars:

Annotations:
D:2 Sigmund


Innate Abilities, Weirdness & Mutations

You are small and have problems with some larger weapons.
You are carnivorous and can eat meat at any time.


Message History

Casting: Summon Small Mammal (safe; 3% risk of failure)
Confirm with . or Enter, or press ? or * to list all spells.
Sigmund closely misses you.
Your crimson imp hits Sigmund but does no damage.
Sigmund hits your quokka but does no damage.
Your quokka closely misses Sigmund.
Your crimson imp blinks!
Sigmund points at you and mumbles some strange words.
The puff of flame hits your quokka.
Your quokka completely misses Sigmund.
Sigmund completely misses your quokka.
Your quokka barely misses Sigmund.
You aren't carrying any items that you can evoke.
Unknown command.
Okay, then.
Sigmund casts a spell.
Sigmund flickers and vanishes!
Deactivating autopickup; reactivate with Ctrl-A.
A puff of flame appears from out of thin air!
The puff of flame misses your quokka. The puff of flame hits you!
Ouch! That really hurt!
You die...

###### .# #....# #.# #....#
#.# # #....# #.# #.# #....#
#.# ##... #....# #.# .
......########....####.######.
......'55{.r.@................
.[....#####.##########........
..... #.# ########........
.... #.# ................ ...
#.# #.............. .. #.#
#.............. . #.#
#.............. #.#
#..............
#.....)........


You could see 2 friendly crimson imps and a friendly quokka.

Vanquished Creatures
  A hobgoblin (D:2)
  A ball python (D:2)
  A bat (D:2)
  A rat (D:2)
4 creatures vanquished.

Vanquished Creatures (collateral kills)
  An adder (D:2)
  An ooze (D:2)
  An orc (D:2)
  3 giant cockroaches
  A goblin (D:1)
  A hobgoblin (D:2)
  9 jackals (D:1)
  A kobold (D:1)
  A bat (D:1)
  A frilled lizard (D:1)
  A rat (D:1)
21 creatures vanquished.

Grand Total: 25 creatures vanquished

Notes
Turn   | Place    | Note
-------+----------+-------------------------------------------
     0 | D:1      | D1HalberdGnoll the Kobold Summoner began the quest for the
                  | Orb.
     0 | D:1      | Reached XP level 1. HP: 10/10 MP: 3/3
   275 | D:1      | Reached XP level 2. HP: 16/16 MP: 3/5
   526 | D:1      | You fall through a shaft!
   586 | D:2      | Learned a level 2 spell: Call Imp
   623 | D:2      | Reached skill level 1 in Fighting
   623 | D:2      | Reached XP level 3. HP: 20/20 MP: 4/6
   802 | D:2      | Noticed Sigmund
   830 | D:2      | Killed from afar by Sigmund

Vault maps used:
D:1:      ncdulo_watergridlock
D:2:      nicolae_ashenzari_panopticon, marbit_many_paths, uniq_sigmund

Skill      XL: |  1  2 |
---------------+-------+-----
Fighting       | 1 |  1.0
Dodging        | |  2.8
Stealth        | |  2.6
Spellcasting   | |  2.5
Summonings     | |  4.3

Action                   || total
-------------------------++-------
Melee: Unarmed           ||     7
       Dagger            ||    16
 Cast: Summon Small Mamm ||    22
       Call Imp          ||     6
 Stab: Sleeping          ||     3
  Eat: Chunk             ||     8
Armor: Leather armour    ||    11
Dodge: Dodged            ||    40

Table legend:
 A = Non-vault XP
 B = Vault XP
 C = Vault XP percentage of total XP
 D = Non-vault monster count
 E = Vault monster count
 F = Vault count percentage of total count
                 A         B        C        D         E       F
            +---------+---------+-------+---------+---------+-------
      Total |      37 |       0 |   0.0 |      25 |       0 |   0.0
            +---------+---------+-------+---------+---------+-------
        D:1 |      15 |       0 |   0.0 |      15 |       0 |   0.0
        D:2 |      22 |       0 |   0.0 |      10 |       0 |   0.0
            +---------+---------+-------+---------+---------+-------
